[Event "39th Muensterland Open 2022"]
[Site "Muenster"]
[Date "2022.10.02"]
[Round "2.3"]
[White "Pfreundt, Jakob"]
[Black "Berkes, Alexander"]
[Result "1-0"]
[ECO "A57"]
[WhiteElo "2401"]
[BlackElo "1968"]
[Annotator "TA"]
[PlyCount "51"]
[EventDate "2022.10.01"]
[EventType "swiss"]
[EventCountry "GER"]
[SourceTitle "playchess.com"]
[Source "ChessBase"]
[SourceQuality "1"]
[TimeControl "40/5400+30:1800+30"]

1. d4 Nf6 2. c4 c5 3. d5 b5 4. Qc2 b4 5. e4 d6 6. f4 {[%emt 0:06:04] A57: Benko/Volga Gambit.} g6 7. Nf3 Bg7 8. Bd3 {[%emt 0:05:09] The position is equal.} (8. e5 $5 Nh5 9. Be3 $11) 8... O-O 9. h3 a5 10. O-O e6 11. e5 {[%emt 0:13:47] [#]} dxe5 $146 ({Predecessor:} 11... Ne8 12. Nbd2 dxe5 13. Nxe5 exd5 14. cxd5 Nd6 15. Ndc4 Nxc4 16. Bxc4 Bf5 17. Qe2 Qd6 {½-½ (49) Duttagupta,A (2114)-Slawomir,W (2151) FICGS email 2020}) 12. fxe5 Nfd7 13. Bg5 $36 {[%emt 0:02:39][%mdl 2048] Black is under pressure.} Qb6 {[%emt 0:02:38] White should prevent ...exd5.} 14. dxe6 (14. Be4 {feels hotter.} Bb7 15. Nbd2 exd5 16. cxd5 Nxe5 17. Nxe5 Bxe5 18. Nc4) 14... Nxe5 (14... Qxe6 $11 {keeps the balance.} 15. Be4 Ra6) 15. Nxe5 $16 Bxe5 {[%emt 0:00:13] [#]} 16. exf7+ Rxf7 17. Rxf7 Kxf7 18. Nd2 {[%emt 0:00:16] Hoping for Nf3.} Nc6 (18... Bb7 $16) 19. Rf1+ ({Don't do} 19. Be4 $6 Kg7 $16) 19... Kg7 {[%emt 0:00:27] [#]} 20. Nf3 (20. Be4 Nd4 21. Qd3 Rb8) 20... Bd4+ (20... Nd4 21. Qf2 Bf6) 21. Nxd4 $18 Nxd4 22. Qf2 Bf5 {[%emt 0:04:06] [#]} 23. g4 $1 h6 (23... Re8 24. gxf5) 24. Bf4 Be6 (24... Re8 $18 25. Be3 Qf6 26. gxf5 g5) 25. Be5+ {[%emt 0:00:31] This bishop pair is nice.} Kh7 {[%emt 0:00:45] [#]} 26. Bxg6+ $1 {[%emt 0:00:09][%mdl 512] Weighted Error Value: White=0.07 (flawless) /Black=0.68} 1-0

[Event "39th Muensterland Open 2022"]
[Site "Muenster"]
[Date "2022.10.02"]
[Round "2.4"]
[White "Althoff, Ralph"]
[Black "Scholz, Christian"]
[Result "0-1"]
[ECO "A49"]
[WhiteElo "1951"]
[BlackElo "2338"]
[Annotator "TA"]
[PlyCount "76"]
[EventDate "2022.10.01"]
[EventType "swiss"]
[EventCountry "GER"]
[SourceTitle "playchess.com"]
[Source "ChessBase"]
[SourceQuality "1"]
[TimeControl "40/5400+30:1800+30"]

1. d4 Nf6 2. Nf3 g6 3. g3 Bg7 4. Bg2 O-O 5. O-O d6 6. b3 e5 7. dxe5 dxe5 8. Ba3 Qxd1 {[%emt 0:00:07] 8...e4 is the fancy move. A49: 1 d4 Nf6 2 Nf3 g6 3 g3: Anti-King's Indian systems.} 9. Rxd1 Re8 10. c4 e4 {[%emt 0:01:47] The position is equal.} 11. Nd4 {[%emt 0:00:11] [#]} a6 $146 {[%emt 0:00:41] Prevents Nb5.} (11... Ng4 $11) ({Predecessor:} 11... c6 12. Nc3 Na6 13. Rac1 h5 14. h3 Bd7 15. Nc2 Rad8 16. Ne3 Bh6 17. Bd6 Bc8 {1-0 (64) Meier,G (2621)-Moranda,W (2605) Chess.com INT 2020}) 12. Nc3 $14 Nbd7 13. g4 (13. Rac1 $14 {stays ahead.}) 13... c5 $17 (13... Nxg4 14. Nxe4 Be5 15. h3 $11) 14. Nc2 Nxg4 {[%emt 0:01:34] Black keeps a firm grip on the game.} 15. Nd5 {[%emt 0:10:34] Strongly threatening Nc7.} Be5 {[%emt 0:05:16] Inhibits Nc7.} 16. f4 (16. h3 $17 {is a better defense.} Ngf6 17. Rac1) 16... exf3 $1 $19 (16... Bxa1 17. Nc7 Re7 18. Nxa8 $11) 17. exf3 {[%emt 0:00:28] [#]} Ngf6 ({But not} 17... Bxh2+ 18. Kh1 $16) (17... Nxh2 18. Re1 $16) ({Weaker is} 17... Bxa1 18. Nxa1 Ngf6 19. Nc7 $17) 18. f4 (18. Nxf6+ $142 Nxf6 19. Bxc5) 18... Bxa1 19. Nc7 Bc3 {[%emt 0:02:40][%cal Oe8e2] White must now prevent ...Re2!} 20. Nxa8 $2 (20. Rd3 Ba5 21. Nxa8) 20... Re2 21. Rc1 Bd2 (21... Nh5 $142 22. Bf3 Nxf4 23. Bxe2 Nxe2+ 24. Kf1 Nxc1 25. Bxc1 Nf6) 22. Rf1 Ba5 23. Rf2 Re8 24. b4 cxb4 25. Bxb4 Bxb4 26. Nxb4 Nc5 $36 {[%emt 0:00:47][%mdl 2048] White is under strong pressure.} 27. Rd2 $2 (27. Nd5 Nxd5 28. cxd5) 27... Bf5 28. Nc7 Re1+ 29. Kf2 Rb1 30. Rd8+ Kg7 31. Nbd5 Rb2+ 32. Kf1 $2 (32. Kg1 {only move.}) 32... Ng4 {[%emt 0:02:16] [#] ...Bd3+ is the strong threat.} 33. Ne8+ Kh6 {[%emt 0:00:07] Hoping for ...Bd3+.} 34. Nd6 Bd3+ 35. Ke1 Rxg2 (35... Re2+ $142 36. Kf1 Re8+ 37. Kg1 Re1+ 38. Bf1 Bxf1 39. Nxf7+ Kg7 40. Rg8+ Kxf7 41. Re8 Kxe8 42. Nf6+ Nxf6 43. h3 Nd3 44. a4 Bxh3+ 45. Kh2 Re3 46. Kh1 Ng4 47. Kg1 Re1#) 36. Nxf7+ Kg7 {[%emt 0:00:57] ( -> ...Ne4)} 37. Ng5 Re2+ 38. Kd1 Bxc4 {[%emt 0:00:56] Weighted Error Value: White=1.09/Black=0.38} (38... Nf2+ $142 39. Kc1 Rc2+ 40. Kb1 Rxc4+ 41. Ka1 Nd1 42. Rg8+ Kh6 43. Nf7+ Kh5 44. Nf6+ Kh4 45. a3 Rc1+ 46. Ka2 Bc4#) 0-1

[Event "39th Muensterland Open 2022"]
[Site "Muenster"]
[Date "2022.10.02"]
[Round "2.5"]
[White "Schiffer, Kai-Uwe"]
[Black "Sistig, Max"]
[Result "1/2-1/2"]
[ECO "B22"]
[WhiteElo "2295"]
[BlackElo "1959"]
[Annotator "TA"]
[PlyCount "90"]
[EventDate "2022.10.01"]
[EventType "swiss"]
[EventCountry "GER"]
[SourceTitle "playchess.com"]
[Source "ChessBase"]
[SourceQuality "1"]
[TimeControl "40/5400+30:1800+30"]

1. e4 c5 2. c3 Nf6 3. e5 Nd5 4. Nf3 Nc6 5. d4 cxd4 6. cxd4 d6 7. Bc4 Nb6 8. Bb5 Bd7 9. exd6 {[%emt 0:23:33] B22: Sicilian: 2 c3.} e6 10. O-O Bxd6 11. a3 O-O 12. Nc3 Ne7 13. Bd3 Ng6 14. Ng5 {[%emt 0:13:05] And now Qh5 would win.} Be7 {[%emt 0:17:17] [#]} 15. Qh5 $146 {[%emt 0:01:59][%csl Gg5][%cal Rh5h7] [#]} ({Predecessor:} 15. h4 Bxg5 16. hxg5 Bc6 17. Qg4 Rc8 18. Be3 Nd5 19. Bd2 Qb6 20. Nxd5 Bxd5 21. Bb4 {½-½ (30) Krassilnikov,E (2399)-Fazulyanov,S (2354) Cheliabinsk 2008}) 15... Bxg5 16. Bxg5 f6 17. Be3 $40 {[%emt 0:09:10][%mdl 128] White has some attack.} Be8 18. Qh3 Bf7 19. Rac1 a6 20. Ne4 Nd5 21. Nc5 Qe7 22. Rfe1 Rfe8 23. Bd2 Nf8 (23... Qd6 $14) 24. Bc4 {[%emt 0:04:03] [#] Black must now prevent Bxd5. White has more active pieces. The black rooks are badly placed. This bishop pair is nice.} Rad8 25. Qb3 Rd6 26. Bb4 ({Wrong is} 26. Nxb7 $2 Rb6 27. Qg3 Qxb7 $19) (26. Qxb7 $16 Qxb7 27. Nxb7) 26... Nxb4 $11 27. Qxb4 Rxd4 28. Nxb7 Qxb4 29. axb4 Rb8 30. Na5 (30. Nc5 $11) 30... Rxb4 $15 31. b3 Rb6 {[%emt 0:00:41] Inhibits Nc6.} 32. Red1 (32. g3 $15 {should be considered.}) 32... Rxd1+ $17 33. Rxd1 e5 34. g3 Bxc4 35. bxc4 {[%emt 0:00:06][%mdl 4096] Endgame KRN-KRN} Ne6 36. Rd7 Nd4 37. Kg2 Nb3 38. Nb7 Rc6 {[%emt 0:01:28] Against c5} ({Black should play} 38... h6 $17 39. Nd6 (39. c5 Rc6 $17) 39... Nc5) 39. Nd8 $1 $11 Rxc4 40. Ne6 {[%emt 0:00:02] Inhibits Rd4.} Rc6 41. Rxg7+ Kh8 42. Re7 h5 43. Nf8 Nd4 44. Ng6+ Kg8 45. Ra7 {[%emt 0:00:00] Strongly threatening Ne7+.} Rb6 {[%emt 0:00:00] Weighted Error Value: White=0.14 (very precise) /Black=0.14 (very precise)} 1/2-1/2

[Event "39th Muensterland Open 2022"]
[Site "Muenster"]
[Date "2022.10.02"]
[Round "2.6"]
[White "Stillger, Bernhard"]
[Black "Celik, Ali Alper"]
[Result "1/2-1/2"]
[ECO "E02"]
[WhiteElo "2279"]
[BlackElo "1938"]
[Annotator "TA"]
[PlyCount "187"]
[EventDate "2022.10.01"]
[EventType "swiss"]
[EventCountry "GER"]
[SourceTitle "playchess.com"]
[Source "ChessBase"]
[SourceQuality "1"]
[TimeControl "40/5400+30:1800+30"]

1. d4 d5 2. c4 c6 3. Nf3 e6 4. Qc2 dxc4 5. Qxc4 Nf6 6. g3 Bd6 7. Bg2 Nbd7 8. O-O O-O 9. Bf4 Qc7 10. Bxd6 Qxd6 11. Nc3 {[%emt 0:02:00] E02: Open Catalan: 5 Qa4+.} b5 12. Qd3 {[%emt 0:07:12] [#]} a6 $146 (12... Rd8 $142) ({Predecessor:} 12... Bb7 13. e4 Qe7 14. e5 Ne8 15. Nd2 a6 16. a4 Nc7 17. Nce4 c5 18. Nd6 Bxg2 19. Kxg2 cxd4 20. Qxd4 {1-0 (20) Deuer,M (2274)-Vachylya,A (2199) Chess.com INT 2021}) 13. Ne4 {[%emt 0:06:19] White is better.} Nxe4 14. Qxe4 Nf6 15. Qc2 Bb7 16. Rac1 Rac8 17. Rfd1 Rfd8 18. e3 Qe7 19. Ne5 Nd7 20. Nd3 {[%emt 0:10:14] White has more active pieces.} e5 21. dxe5 $1 Nxe5 {[%emt 0:59:59] [#]} (21... Ba8 $16 {is a better defense.} 22. f4 c5 23. Bxa8 Rxa8 24. Nxc5 Nxc5) 22. Qc5 $1 $18 Qxc5 23. Nxc5 Ba8 24. b3 a5 (24... g5 $142 25. Rxd8+ Rxd8 26. Nxa6 Kf8) 25. h3 f6 26. f4 Nf7 27. h4 (27. a4 $142) 27... Rxd1+ $16 28. Rxd1 {[%emt 0:00:02] Threatens to win with Rd7.} Rd8 29. Rxd8+ Nxd8 {[%emt 0:00:00][%mdl 4096] Endgame KBN-KBN} 30. a4 {[%emt 0:00:19] Hoping for axb5.} bxa4 ({Black should play} 30... b4) 31. bxa4 Kf7 32. Nb3 Ne6 (32... Ke6 $16 {was called for.} 33. Nxa5 Kd6) 33. f5 $18 ({Don't play} 33. Nxa5 Nc5 34. Nxc6 Nxa4 35. Nd8+ Ke8 $16) 33... Nd8 34. Nxa5 Ke7 35. Nc4 Bb7 36. Kf2 Ba6 37. Nd2 Kd6 (37... Kd7 $16 38. Ne4 Nb7) 38. Ne4+ Kc7 39. Nc5 {[%emt 0:02:41] Prevents Bd3.} ({White should try} 39. g4 $18) 39... Bc8 $16 40. g4 Kb6 41. Nb3 Nb7 42. Nd4 Nd8 43. a5+ Kxa5 44. Bxc6 Kb6 45. Bd5 Kc5 46. Bg8 h6 47. Kg3 Kd6 48. Kf4 Ke7 49. Bd5 Kd6 50. e4 Ba6 51. Nf3 Be2 52. Nd4 Ba6 53. Nc2 Bd3 54. Ne3 Be2 (54... Bb5 $16 {keeps fighting.} 55. g5 hxg5+ 56. hxg5 Nc6 57. Bxc6 fxg5+ 58. Kxg5 Bxc6) 55. Ng2 (55. g5 $18) 55... Nc6 56. Bxc6 Kxc6 {[%emt 0:00:00] KB-KN} 57. Kg3 {[%emt 0:01:24] And now Nf4 would win.} Kd6 58. Nf4 Bd1 {[%emt 0:00:00] [#]} 59. Nh5 (59. Ng6 $1 $16) 59... Ke5 $1 $14 60. Nxg7 Kxe4 61. Nh5 Ke5 62. Nf4 Ke4 63. Nh5 Ke5 64. Kh3 Be2 65. Ng3 Bd1 66. Nh5 Be2 67. Ng7 Kf4 {[%emt 0:00:00] White must now prevent ...Bf1+.} 68. Ne6+ Ke5 69. h5 Bd1 70. Kg3 Kd6 71. Kf4 Ke7 72. Nc5 Be2 73. Ne4 Bd1 74. Nf2 Be2 75. Ke3 Ba6 76. Nh3 Kf7 77. Nf4 Bb5 78. Ne6 Ba6 79. Kf4 Be2 80. Nc5 Bd1 81. Ne4 Be2 82. Nd6+ Ke7 83. Ne4 Kf7 84. Nc3 Ba6 85. Nd5 Be2 86. Ne3 Ba6 87. Ke4 Be2 88. Kf4 Ba6 89. Ng2 Be2 90. Nh4 Bd1 91. Ng6 Be2 92. Nh8+ Kg7 93. Ng6 Kf7 {[%emt 0:00:00] Inhibits Ne7.} 94. Nh8+ {[%emt 0:00:05] White really could win this.  Weighted Error Value: White=0.15 (very precise) /Black=0.12 (very precise)} ({Better is} 94. Kg3 $14) 1/2-1/2

[Event "39th Muensterland Open 2022"]
[Site "Muenster"]
[Date "2022.10.02"]
[Round "2.7"]
[White "Freiknecht, Holger"]
[Black "Ollenberger, Roland"]
[Result "0-1"]
[ECO "B33"]
[WhiteElo "1916"]
[BlackElo "2256"]
[Annotator "TA"]
[PlyCount "70"]
[EventDate "2022.10.01"]
[EventType "swiss"]
[EventCountry "GER"]
[SourceTitle "playchess.com"]
[Source "ChessBase"]
[SourceQuality "1"]
[TimeControl "40/5400+30:1800+30"]

1. e4 c5 2. Nf3 Nc6 3. d4 cxd4 4. Nxd4 Qb6 5. Nb3 Nf6 6. Nc3 e6 7. Be3 Qc7 ({Don't do} 7... Qb4 8. Qf3 $16 (8. a3 Qd6 $16)) 8. Qd2 {[%emt 0:01:35] B33: Sicilian: Pelikan and Sveshnikov Variations.} (8. a3 $14) 8... a6 (8... Bb4 $5 9. Bd3 d5 $11) 9. f3 b5 10. O-O-O {[%emt 0:03:37] White is slightly better.} d6 11. Kb1 Be7 12. g4 h6 13. h4 $36 {[%emt 0:03:54][%mdl 2048] Black is under strong pressure.} Ne5 14. Qf2 {[%emt 0:11:59] [#]} Bd7 $146 ({Predecessor:} 14... Nfd7 15. Qg2 Bb7 16. g5 h5 17. Bd4 Rc8 18. a3 Nc5 19. Qg3 Na4 20. Rh2 O-O 21. Nxa4 bxa4 {0-1 (39) Kovchan,A (2536)-Bellaiche,A (2427) Cappelle la Grande 2003}) 15. Bd3 (15. a3 $16) 15... b4 $11 16. Ne2 Ba4 (16... a5 $11) 17. Ned4 Nfd7 (17... Nxd3 $14 18. cxd3 Nd7) 18. g5 (18. Be2 $16) 18... h5 ({Black should play} 18... Nxd3 $14 19. cxd3 Nc5) 19. Qd2 ({White should try} 19. Be2 $16) 19... Bxb3 20. cxb3 Qb7 21. Bc2 $1 g6 22. Rhf1 Nc5 23. Ne2 O-O 24. Ng3 Rfd8 25. f4 Ng4 26. f5 Nd7 27. Bd4 {[%emt 0:02:19] Threatens to win with fxg6.} Nde5 28. Qe2 (28. Ne2 $1 $16) 28... Bf8 29. Bd3 a5 (29... Bg7 $1 $11) 30. Bc4 Qe7 $2 {[%emt 0:01:10][%mdl 8192] [#]} (30... Nxc4 $11 {and Black is okay.} 31. fxg6 (31. Qxc4 d5 $11) (31. bxc4 e5 $14) 31... Na3+ 32. bxa3 fxg6) 31. fxg6 $2 (31. Bxe6 $1 $18 fxe6 32. fxg6) 31... fxg6 32. Rf6 $2 Nxf6 $19 33. gxf6 Qxf6 34. Rf1 Qe7 (34... Qxh4 $19 35. Bxe6+ Kh7) 35. Rg1 $17 {[%emt 0:01:16] [#] aiming for Nxh5.} Bg7 $1 {[%emt 0:00:34] Weighted Error Value: White=0.41/Black=0.39} 0-1

[Event "39th Muensterland Open 2022"]
[Site "Muenster"]
[Date "2022.10.02"]
[Round "2.8"]
[White "Sandkamp, Ralph"]
[Black "Kreis, Karl-Heinz"]
[Result "1-0"]
[ECO "D02"]
[WhiteElo "2241"]
[BlackElo "1920"]
[Annotator "TA"]
[PlyCount "57"]
[EventDate "2022.10.01"]
[EventType "swiss"]
[EventCountry "GER"]
[SourceTitle "playchess.com"]
[Source "ChessBase"]
[SourceQuality "1"]
[TimeControl "40/5400+30:1800+30"]

1. Nf3 d5 2. g3 Bg4 3. Bg2 Nd7 4. d4 Ngf6 5. O-O e6 6. Nbd2 c6 7. Re1 {[%emt 0:00:17] [#]} Nb6 $146 {[%emt 0:02:35] D02: 1 d4 d5 2 Nf3 sidelines, including 2...Nf6 3 g3 and 2...Nf6 3 Bf4.} ({Predecessor:} 7... Be7 8. e4 dxe4 9. Nxe4 O-O 10. c3 Nxe4 11. Rxe4 Bf5 12. Re1 a5 13. a4 h6 14. Qe2 Qb6 15. Nd2 Qa6 16. Nc4 Nb6 17. b3 Rfd8 18. Ba3 Bxa3 19. Nxa3 Qxe2 20. Rxe2 {½-½ (31) Rakhmanov,A (2657)-Yakubboev,N (2621) Riga 2021}) 8. e4 Qc7 9. c3 Be7 {[%emt 0:00:58] White is slightly better.} 10. h3 Bh5 11. exd5 cxd5 12. g4 Bg6 13. Ne5 Bd6 14. f4 (14. h4 $16) 14... O-O-O {[%emt 0:08:38] [#]} (14... O-O $11 {keeps the balance.}) 15. a4 $1 $16 Nbd7 16. a5 a6 17. c4 Bb4 {[%emt 0:05:13] [#]} ({Black should try} 17... Kb8 $1 $14) 18. Qa4 $1 $36 {[%emt 0:09:02][%mdl 2048] Black is under strong pressure.} Qd6 {[%emt 0:08:50] Black cannot hold the game after this.} (18... Bf8 $16 19. Qb3 Kb8) 19. c5 Bxc5 20. dxc5 Qxc5+ {[%emt 0:00:54] White is clearly winning.} 21. Kh1 Nxe5 22. fxe5 ({Not} 22. Rxe5 Bd3 23. Nb3 Qb5 24. Qxb5 Bxb5 $18) 22... Nd7 23. Nf3 {[%emt 0:01:16] Be3 is the strong threat.} Bc2 (23... Qc4 $142 24. Qxc4+ dxc4) 24. Qf4 Qe7 25. Be3 Be4 26. Ng5 Bxg2+ 27. Kxg2 Rdf8 28. Rac1+ Kb8 29. Qd4 {[%emt 0:00:26] Weighted Error Value: White=0.06 (flawless) /Black=0.68} 1-0

[Event "39th Muensterland Open 2022"]
[Site "Muenster"]
[Date "2022.10.02"]
[Round "2.10"]
[White "Wallhof, Dieter"]
[Black "Goldschmidt, Christian"]
[Result "0-1"]
[ECO "D40"]
[WhiteElo "1902"]
[BlackElo "2226"]
[Annotator "TA"]
[PlyCount "72"]
[EventDate "2022.10.01"]
[EventType "swiss"]
[EventCountry "GER"]
[SourceTitle "playchess.com"]
[Source "ChessBase"]
[SourceQuality "1"]
[TimeControl "40/5400+30:1800+30"]

1. Nf3 d5 2. c4 e6 3. e3 c5 4. d4 Nf6 5. Nc3 a6 6. dxc5 Bxc5 7. a3 O-O 8. b4 Ba7 9. Bb2 Nc6 10. Qc2 Qc7 {[%emt 0:13:20] [#] D40: Queen's Gambit Declined: Semi-Tarrasch with 5 e3.} (10... Bd7 $11) 11. cxd5 {[%emt 0:06:42] has lost popularity (11.Rd1).} (11. Nxd5 $1 $14 Nxd5 (11... exd5 12. Bxf6) 12. cxd5 exd5 13. Bd3 (13. Ng5 g6 $11)) 11... exd5 $11 12. Ne2 Ne4 {[%emt 0:11:05] [#]} (12... Bg4 $11) 13. Ned4 $146 (13. Nf4 $16 Be6 14. Nxe6 fxe6 15. Bd3) ({Predecessor:} 13. Ng3 Qe7 14. Bd3 Re8 15. O-O Bg4 16. Bxe4 dxe4 17. Nd2 Rac8 18. h3 Bd7 19. Qxe4 {1-0 (34) Sbarra,M (2245)-Tramalloni,L (2111) Milan 2011}) 13... Qd6 14. Bd3 Re8 15. Nxc6 bxc6 16. Rc1 Nxf2 17. Kxf2 ({Don't blunder} 17. Bxh7+ $2 Kh8 18. Kxf2 Rxe3 $19) 17... Bxe3+ 18. Kf1 Bxc1 19. Qxc1 ({Much worse is} 19. Bxh7+ Kh8 20. Bxc1 a5 $15) 19... f6 {[%emt 0:02:51] Against Qg5} (19... a5 $5 20. b5 c5 $11) 20. Bd4 a5 21. Bc5 {[%emt 0:01:01] A strong pair of Bishops.} Qc7 22. Qc2 Ba6 23. Bxa6 Rxa6 24. Kf2 axb4 25. Bxb4 Qf4 26. Qd3 Raa8 27. g3 Qg4 28. Rc1 Re6 29. Rc2 Qh3 (29... Rae8 $5 30. Bc5 f5 $15) 30. Re2 (30. Kg1 $11) 30... Rae8 $15 31. Rxe6 Rxe6 32. Qa6 h5 {[%emt 0:00:43] ...Qf5 is the strong threat.} 33. Qd3 {[%emt 0:01:17] Prevents Qf5.} Re4 34. Qc2 Rc4 35. Qg6 {[%emt 0:01:42] [#]} (35. Qd3 $17) 35... Re4 $2 {[%emt 0:00:16] The board is on fire.} ({Black should try} 35... c5 $1 $19 36. Qd3 Qe6) 36. Kg1 $2 (36. Bc5 $15) 36... Re2 {[%emt 0:01:39] Weighted Error Value: White=0.46/Black=0.21 (precise)} 0-1

[Event "39th Muensterland Open 2022"]
[Site "Muenster"]
[Date "2022.10.03"]
[Round "3.1"]
[White "Koellner, Ruben Gideon"]
[Black "Mueller, Martin"]
[Result "1-0"]
[ECO "A80"]
[WhiteElo "2401"]
[BlackElo "2130"]
[Annotator "TA"]
[PlyCount "61"]
[EventDate "2022.10.01"]
[EventType "swiss"]
[EventCountry "GER"]
[SourceTitle "playchess.com"]
[Source "ChessBase"]
[SourceQuality "1"]
[TimeControl "40/5400+30:1800+30"]

1. d4 f5 2. Bg5 g6 3. Nc3 d5 4. h4 Bg7 5. e3 Be6 6. Nf3 Nf6 {[%emt 0:04:07] A80: Dutch Defence: Unusual White second moves.} 7. Bf4 {[%emt 0:07:00][%cal Oh4h5] [#]} Qc8 $146 ({Predecessor:} 7... c6 8. h5 Nxh5 9. Rxh5 gxh5 10. Ng5 Bg8 11. Qxh5+ Kf8 12. Qh3 e6 13. Qg3 Bf6 14. Bc7 {1-0 (32) Volkov,A (1846)-Steenlandt,A (1698) ICCF email 2019}) 8. Ne5 (8. h5 {is interesting.} Nxh5 9. Rxh5 gxh5 10. Ng5) 8... Nh5 {[%emt 0:03:12] White is slightly better.} 9. Bh2 Nd7 10. Be2 {[%emt 0:02:18] White has more active pieces. The black rooks are badly placed.} Nhf6 11. Nb5 {[%emt 0:00:49] [#] Strongly threatening Nf3.} a6 $1 12. Nxd7 axb5 13. Nxf6+ Bxf6 14. Bxb5+ Kf7 (14... c6 $14 15. Bd3 Bxh4) 15. Bf4 $16 c5 16. c3 c4 17. Ba4 Bd7 18. Bc2 Ra6 19. Kd2 Qa8 20. a3 Qe8 21. Qf3 Be6 22. Qg3 Qb5 23. Rab1 Raa8 24. Be5 Qb6 (24... Qd7 $16 25. h5 g5) 25. Bxf6 $18 exf6 26. b3 {[%emt 0:00:18][%cal Bb2b3,Bb3c4][%mdl 32] Hoping for bxc4.} Rxa3 (26... Qc6 {might work better.} 27. bxc4 dxc4) 27. bxc4 Qa5 {[%emt 0:04:00] [#]} (27... Qc6 28. c5 b5) 28. Rxb7+ {[%emt 0:01:48] White is clearly winning.} Bd7 29. e4 f4 30. Qh3 f5 31. Rxd7+ {[%emt 0:00:16] Weighted Error Value: White=0.08 (flawless) /Black=0.31} 1-0

[Event "39th Muensterland Open 2022"]
[Site "Muenster"]
[Date "2022.10.03"]
[Round "3.2"]
[White "Weidemann, Jakob"]
[Black "Pfreundt, Jakob"]
[Result "0-1"]
[ECO "C55"]
[WhiteElo "2084"]
[BlackElo "2401"]
[Annotator "TA"]
[PlyCount "96"]
[EventDate "2022.10.01"]
[EventType "swiss"]
[EventCountry "GER"]
[SourceTitle "playchess.com"]
[Source "ChessBase"]
[SourceQuality "1"]
[TimeControl "40/5400+30:1800+30"]

1. e4 e5 2. Nf3 Nc6 3. Bc4 Nf6 4. d3 Be7 5. O-O O-O 6. Re1 d6 7. a4 a5 {[%emt 0:04:11] C55: Two Knights: 4 d3, 4 d4 exd4 5 e5 and Max Lange Attack.} 8. c3 Be6 9. Na3 {[%emt 0:00:30] [#]} h6 $146 {[%emt 0:24:52] White is slightly better.} ({Predecessor:} 9... Bxc4 10. Nxc4 Qd7 11. Bg5 Kh8 12. d4 exd4 13. cxd4 Ng8 14. Bd2 d5 15. Nce5 Qd6 {1-0 (47) Tissir,M (2366)-Abera,A (2137) Chennai 2022}) 10. h3 Bxc4 11. Nxc4 Re8 12. Ne3 Bf8 13. Nf5 Ne7 14. N3h4 Nxf5 15. Nxf5 Kh7 (15... d5 $5 ) 16. Qf3 g6 17. Ne3 Qe7 18. b3 Bg7 19. Ba3 Qe6 20. c4 Nd7 21. b4 axb4 22. Bxb4 c6 23. Reb1 Ra7 24. g4 (24. a5 $11) 24... Rea8 $17 {[%emt 0:02:01] Black continues to play with concentration.} 25. Qd1 Bf6 26. f3 Bd8 27. a5 (27. Kg2 $17 {was worth a try.}) 27... Qf6 28. Kg2 (28. Nc2 {is a better defense.}) 28... Bxa5 $19 29. Bxa5 Rxa5 30. Rxa5 Rxa5 31. Rxb7 $2 (31. Ra1 Rxa1 32. Qxa1) 31... Ra2+ 32. Nc2 Nc5 33. Rb1 Ne6 34. Ra1 Rb2 35. Rb1 Nf4+ 36. Kg3 {[%emt 0:00:00] [#]} Ne2+ $1 37. Qxe2 Rxb1 {[%emt 0:00:06][%mdl 4096] Endgame KQR-KQN} 38. Ne3 h5 39. Qa2 Qf4+ 40. Kg2 Re1 41. Nf1 {[%emt 0:30:44] [#]} Rxf1 $1 42. Kxf1 Qxf3+ {[%emt 0:00:04] KQ-KQ} 43. Kg1 Qg3+ 44. Qg2 Qxg2+ {[%emt 0:00:21] Black mates.} 45. Kxg2 hxg4 46. hxg4 Kh6 47. Kh3 Kg5 48. Kg3 c5 {[%emt 0:00:14] Weighted Error Value: White=0.63/Black=0.05 (flawless)} 0-1

[Event "39th Muensterland Open 2022"]
[Site "Muenster"]
[Date "2022.10.03"]
[Round "3.3"]
[White "Scholz, Christian"]
[Black "Rott, Georg"]
[Result "1-0"]
[ECO "C08"]
[WhiteElo "2338"]
[BlackElo "2064"]
[Annotator "TA"]
[PlyCount "63"]
[EventDate "2022.10.01"]
[EventType "swiss"]
[EventCountry "GER"]
[SourceTitle "playchess.com"]
[Source "ChessBase"]
[SourceQuality "1"]
[TimeControl "40/5400+30:1800+30"]

1. e4 e6 2. d4 d5 3. Nd2 c5 4. exd5 exd5 5. Ngf3 Bd6 6. dxc5 {[%emt 0:00:56] C08: French Tarrasch: 3...c5 4 exd5 exd5 sidelines.} Bxc5 7. Nb3 Bd6 8. c3 {[%emt 0:06:54] White is slightly better.} Ne7 9. Bd3 O-O 10. O-O Nbc6 11. Re1 {[%emt 0:03:29] [#]} Ng6 $146 ({Predecessor:} 11... a6 12. Be3 Ng6 13. Bxg6 hxg6 14. Bc5 Bxc5 15. Nxc5 b6 16. Nb3 Bg4 17. h3 Bxf3 18. Qxf3 {½-½ (40) Emms,J (2484)-Van de Griendt,J (2322) England 2012}) 12. Bg5 Nce7 13. h3 a6 14. Nh4 Nf4 {[%emt 0:22:35] [#]} 15. Nf5 $1 Bxf5 16. Bxf5 {[%emt 0:00:09][%cal Oe1e7][%mdl 64] Pin} Qc7 17. Bxe7 Bxe7 18. g3 Ng6 19. Qxd5 Bd6 20. Rad1 Rad8 21. Bxg6 {[%emt 0:01:34] White is much more active.} hxg6 22. Qf3 Qb6 23. Rd5 Rfe8 24. Red1 Re6 $2 {[%emt 0:02:06][%mdl 8192] This costs Black the game.} (24... Qc7 $16 {was called for.} 25. Qg4 Bf8) 25. Qd3 $18 Rf6 26. Qd4 Qc7 27. Rd3 {[%emt 0:03:35] Hoping for Nd2.} Qc6 $2 (27... Re6 28. Nc5 Re1+ 29. Kg2 Qc6) 28. Na5 {[%emt 0:01:25] White is clearly winning.} Qc8 29. Nc4 Qxh3 30. Rxd6 Re8 {[%emt 0:00:27][%cal Re8e1] [#]} 31. Rd8 Rfe6 32. Re3 {[%emt 0:00:12] Against Re1+.  Weighted Error Value: White=0.19 (very precise) /Black=0.35} 1-0